 Dungeon Crawl Stone Soup version 0.31.0-32-g396128a36d (webtiles) character file.

Game seed: 10010795207960420854

126 hawla the Slasher (level 4, -2/37 HPs)
             Began as a Minotaur Gladiator on Apr 19, 2024.
             Slain by a hound (5 damage)
             ... on level 4 of the Dungeon.
             The game lasted 00:04:30 (2208 turns).

hawla the Slasher (Minotaur Gladiator)              Turns: 2208, Time: 00:04:30

Health: -2/37      AC:  4    Str: 19    XL:     4   Next: 83%
Magic:  3/3        EV: 12    Int:  5    God:
Gold:   159        SH:  0    Dex: 13    Spells: 3/3 levels left

rFire   . . .        a - +0 long sword
rCold   . . .        (no shield)
rNeg    . . .        b - +0 leather armour
rPois   .            c - +0 hat
rElec   .            o - +0 cloak
rCorr   .            (no gloves)
SInv    .            (no boots)
Will    .....        (no amulet)
Stlth   +            (no ring)
HPRegen 0.26/turn    (no ring)
MPRegen 0.08/turn

%: no passive effects
@: brilliant
A: horns 2, retaliatory headbutt
a: no special abilities


You were on level 4 of the Dungeon.
You visited 1 branch of the dungeon, and saw 4 of its levels.

You collected 159 gold pieces.

Inventory:

Hand Weapons
 a - a +0 long sword (weapon)
Missiles
 d - 3 throwing nets (quivered)
 l - 4 curare-tipped darts
Armour
 b - a +0 leather armour (worn)
 c - a +0 hat (worn)
 o - a +0 cloak (worn)
Jewellery
 k - a ring of fire
 q - a ring of flight
Scrolls
 f - a scroll of enchant armour {unknown}
 i - a scroll of poison {unknown}
 p - a scroll of identify
 r - a scroll of revelation {unknown}
Potions
 e - a potion of haste
 j - a potion of berserk rage {unknown}
 m - a potion of attraction {unknown}
 n - a potion of mutation {unknown}


   Skills:
 - Level 2.4 Fighting
 + Level 6.8 Long Blades
 - Level 2.0 Throwing
 - Level 3.2 Dodging


You had 3 spell levels left.
You didn't know any spells.
Your spell library was empty.

Dungeon Overview and Level Annotations

Branches:
Dungeon (4/15)             Temple (0/1) D:4

Altars:

Shops:
D:1 [[

Annotations:
D:2 dig the loot


Innate Abilities, Weirdness & Mutations

You have a pair of horns on your head.
You reflexively headbutt those who attack you in melee.


Message History

The hound bites you but does no damage. The hound closely misses you.
The bombardier beetle barely misses you.
You hit the bombardier beetle but do no damage.
You headbutt the bombardier beetle.
The bombardier beetle is heavily wounded.
The hound completely misses you. The hound closely misses you.
The orc barely misses you. You furiously retaliate!
You headbutt the orc!
You completely miss the bombardier beetle.
You headbutt the bombardier beetle, but do no damage.
The bombardier beetle is heavily wounded.
The hound bites you.
The bombardier beetle bites you but does no damage.
The orc completely misses you.
You closely miss the bombardier beetle. You headbutt the bombardier beetle.
The bombardier beetle is heavily wounded.
The hound bites you but does no damage. The hound bites you.
The orc hits you with a +0 mace.
The bombardier beetle barely misses you.
You closely miss the bombardier beetle.
The bombardier beetle is heavily wounded.
The hound bites you but does no damage. The orc misses you.
The hound bites you.
You barely miss the bombardier beetle.
The bombardier beetle is heavily wounded.
The hound bites you. The bombardier beetle bites you.
The orc closely misses you.
You hit the bombardier beetle but do no damage.
The bombardier beetle is heavily wounded.
The hound closely misses you. The orc hits you with a +0 mace.
* * * LOW HITPOINT WARNING * * *
The hound bites you.
* * * LOW HITPOINT WARNING * * *
The bombardier beetle barely misses you.
It was a potion of magic.
Magic courses through your body. The hound bites you but does no damage.
The orc hits you with a +0 mace!
* * * LOW HITPOINT WARNING * * *
It was a potion of brilliance.
You feel clever all of a sudden. The hound bites you.
You die...

..... ......... .)....
...........##
...................#
##....#............
.......##......... #
.....#.#......... ..
.....#.#....# #.####.#.#
.....#....#####.#o......
...##..##.#.....@B.....#
......##....##..h#.....#
...........#..#.#......#
....###....#....#..#...#
............#....##....#
#...#..#.......>.h.....#
##....##....##....# ...#
##....##...#..#.... .#
##....##...... .#..


You could see a bombardier beetle, a hound and an orc.

Vanquished Creatures
  Jessica (D:3)
  2 adders
  A dart slug (D:4)
  3 orcs
  A ball python (D:1)
  10 endoplasms
  A giant cockroach (D:2)
  3 goblins
  8 hobgoblins
  10 jackals
  8 kobolds
  5 quokkas
  6 bats
  4 frilled lizards
  5 rats
68 creatures vanquished.

Notes
Turn   | Place    | Note
-------+----------+-------------------------------------------
     0 | D:1      | hawla the Minotaur Gladiator began the quest for the Orb.
     0 | D:1      | Reached XP level 1. HP: 18/18 MP: 0/0
    84 | D:1      | Reached skill level 4 in Long Blades
   133 | D:1      | Reached XP level 2. HP: 25/25 MP: 1/1
   278 | D:1      | Found Firez's Antique Weapon Emporium.
   287 | D:1      | Found Suca's Antique Armour Boutique.
   372 | D:1      | Reached skill level 5 in Long Blades
   435 | D:1      | Found Kedabap's Antique Armour Boutique.
   553 | D:1      | Reached XP level 3. HP: 30/30 MP: 2/2
   867 | D:2      | Found a faded altar of an unknown god.
  1275 | D:2      | Reached skill level 6 in Long Blades
  1275 | D:2      | Reached XP level 4. HP: 37/37 MP: 3/3
  1473 | D:3      | Noticed Jessica
  1481 | D:3      | Killed Jessica
  2179 | D:4      | Found a staircase to the Ecumenical Temple.
  2208 | D:4      | Slain by a hound

Illustrated notes

Levels and vault maps discovered:
D:1:      dpeg_arrival_arbitrary_c, layout_loops_ring, serial_shops,
          nicolae_shop_tiny_waterfront, nicolae_shop_rolling_square, shop,
          minmay_bisected
D:2:      layout_basic, basic_ecumenical_altar, due_unseen_surprise
D:3:      layout_loops_ring, uniq_jessica
D:4:      layout_rooms, minmay_temple_entry_mini_moons, serial_shops, shop,
          grunt_decor_one_mirror, kennysheep_flooded_box,
          kennysheep_windowed_goal

Skill      XL: |  1  2  3 |
---------------+----------+-----
Long Blades    | 4 5 6 |  6.8
Fighting       | |  2.4
Throwing       | |  2.0
Dodging        | |  3.2

Action                     |  1- 3 |  4- 6 || total
---------------------------+-------+-------++-------
  Melee: Long sword        |    96 |    43 ||   139
         Headbutt          |    11 |     9 ||    20
    Use: Scroll            |       |     2 ||     2
         Potion            |       |     2 ||     2
 Armour: Leather armour    |    50 |    42 ||    92
  Dodge: Dodged            |    82 |    38 ||   120
